Map: Écho EC

Players

AgCl

  • Race: Protoss Protoss

Forest - Winner!

  • Race: Protoss Protoss

VOD

Have the link to the VOD?

Description

Time

  • Played on: May 5, 2015, 6:50 a.m.
  • Length: 2:52
Show
View Real Time Build Order
Export as new Build Order

AgCl Protoss 

Build Orders:  

Get SALT Encoding   

  12  0:01  Probe  
  14  0:22  Pylon  
  14  0:26  Assimilator  
  13  0:28  Probe  
  14  0:40  Probe (Chrono Boost)  
  14  0:41  Gateway  
  16  0:51  Probe (Chrono Boost)  
  16  0:57  Probe  
  17  1:10  Probe  
  18  1:20  Assimilator  
  18  1:22  Probe (Chrono Boost), Assimilator  
  19  1:29  Cybernetics Core  
  19  1:34  Probe (Chrono Boost)  
  20  1:42  Probe (Chrono Boost)  
  21  1:51  Probe  
  22  1:58  Pylon  
  22  2:02  Assimilator  
  22  2:11  Stargate  
  22  2:16  Probe  
  23  2:32  Probe  
  26  2:37  Pylon  
  26  2:42  Pylon  
  26  2:47  Gateway  
Show
View Real Time Build Order
Export as new Build Order

Forest Protoss - Winner!

Build Orders:  

Get SALT Encoding   

  12  0:01  Probe  
  13  0:16  Pylon  
  13  0:18  Probe  
  14  0:37  Gateway  
  14  0:38  Probe  
  15  0:47  Pylon  
  15  0:57  Probe  
  16  1:06  Gateway  
  16  1:09  Probe  
  17  1:16  Gateway  
  17  1:24  Zealot (Chrono Boost)  
  19  1:47  Assimilator  
  19  1:51  Probe (Chrono Boost)  
  19  1:53  Zealot (Chrono Boost)  
  23  2:01  Probe (Chrono Boost)  
  25  2:08  Probe  
  25  2:10  Zealot (Chrono Boost)  
  25  2:13  Zealot (Chrono Boost)  
  28  2:21  Pylon  
Tags
 
Matchup
PvP
Add a new tag
Caveats
  • Supply blocks, unpowered buildings, or Contaminate may cause inaccurate times.
  • Supply counts are checked every 10 seconds.